cohdb
Replays
Latest Replays
All Replays
Popular Replays
Top Player Replays
Match Explorer
How It Works
Community
CoH3 Stats
Reddit
Sign in to upload your games and track your stats! →
Sign in with Steam
Match 44503498
Unlisted
Match 44503498
Overview
Messages
Build Orders
End
Engineer Squad
Construct Barracks
Selects Advanced Infantry Battlegroup
1⁄4-ton 4x4 Truck
Riflemen Squad
Riflemen Squad
Air Support Center
Grenade Package
Construct Motor Pool
Selects Ammunition Storage
Riflemen Squad
Grasshopper Recon Run
M1 Mortar Team
Mortar Pit
Selects M2A1 105mm Howitzer Emplacement
Construct Medical Station
M8 Greyhound Armored Car
Grasshopper Recon Run
Air Supremacy
M1 Anti-tank Gun Team
Grasshopper Recon Run
Grasshopper Recon Run
M1918 Browning Automatic Rifles
P-47 Strafing Run
Construct Weapon Support Center
Grasshopper Recon Run
M3 Armored Personnel Carrier
Selects 155mm Rapid Artillery Barrage
Advanced Air Reconnaissance
DrewP
Dillbro
Alec_i7
Carswell
0
0
Comments
sign in to comment!
No comments posted yet!